 Dungeon Crawl Stone Soup version 0.30-a0-385-gfebfb9b408 (webtiles) character file.

Game seed: 17922459553018681740

299843 qeuew the Severer (level 21, -5/205 HPs)
             Began as a Naga Warper on Dec 2, 2022.
             Was the Champion of Cheibriados.
             Slain by a vault warden
             ... wielding a +3 vorpal battleaxe
              (10 damage)
             ... on level 3 of the Vaults on Dec 3, 2022.
             The game lasted 01:39:58 (43225 turns).

qeuew the Severer (Naga Warper)                    Turns: 43225, Time: 01:39:58

Health: -5/205     AC: 36    Str: 51    XL:     21   Next: 0%
Magic:  5/39       EV: 18    Int: 41    God:    Cheibriados [******]
Gold:   3150       SH:  4    Dex: 34    Spells: 5/48 levels left

rFire   x . .      SeeInvis +    x - +4 war axe of the Priest {protect, rC+ Int+3 Stlth+}
rCold   . . .      Faith    .    (no shield)
rNeg    + . .      Spirit   .    G - +8 ring mail "Minkuran" {rC- Will+ Dex+3}
rPois   +          Reflect  .    (helmet restricted)
rElec   +          Harm     .    (no cloak)
rCorr   .          Rampage  .    J - +0 pair of gloves {Dex+3}
Will    +++..                    p - +10 Black Knight's barding {ponderous, rPois rN+}
Stlth   ++........               F - amulet of regeneration
HPRegen 1.34/turn                P - ring of Crawling {rElec rF- Str+8 Int+6 SInv Stlth-}
MPRegen 0.26/turn                b - ring "Baorchee" {Str+6 Int+5}

@: very slow
A: AC +7, large, see invisible, deformed body, poison resistance, slowness 2,
spit poison 1, naga tail 2, horns 1, large bone plates 1, dopey 1, robust 1
}: 2/15 runes: decaying, gossamer
a: Spit Poison, Renounce Religion, Bend Time, Temporal Distortion, Slouch, Step
From Time


You were on level 3 of the Vaults.
You worshipped Cheibriados.
Cheibriados was exalted by your worship.
You visited 8 branches of the dungeon, and saw 34 of its levels.
You also visited: Trove and Ice Cave.

You collected 6898 gold pieces.
You spent 3748 gold pieces at shops.

Inventory:

Hand Weapons
 x - the +4 war axe of the Priest (weapon) {protect, rC+ Int+3 Stlth+}
   (You bought it in a shop on level 1 of the Dungeon)

   It grants its wielder temporary protection when it strikes (+7 to AC).
   Int:       It affects your intelligence (+3).
   rC:        It protects you from cold.
   Stlth:     It makes you more stealthy.
Missiles
 d - 5 boomerangs of dispersal
 s - 22 boomerangs
 E - 2 throwing nets
Armour
 p - the +10 Black Knight's barding (worn) {ponderous, rPois rN+}
   (You bought it in a shop on level 1 of the Dungeon)

   rPois:     It protects you from poison.
   rN:        It protects you from negative energy.
 G - the +8 ring mail "Minkuran" (worn) {rC- Will+ Dex+3}
   (You found it on level 5 of the Lair of Beasts)

   Dex:       It affects your dexterity (+3).
   rC:        It makes you vulnerable to cold.
   Will:      It increases your willpower.
 J - a +0 pair of gloves of dexterity (worn)
Jewellery
 b - the ring "Baorchee" (right hand) {Str+6 Int+5}
   (You found it on level 2 of the Spider Nest)

   [ring of strength]

   Str:       It affects your strength (+6).
   Int:       It affects your intelligence (+5).
 j - a ring of protection from cold
 r - the amulet of Yredelemnul's Anger {Faith Int+4}
   (You found it in a treasure trove)

   [amulet of faith]

   It allows you to gain divine favour quickly.
   Int:       It affects your intelligence (+4).
 y - a +6 ring of dexterity
 F - an amulet of regeneration (around neck)
 L - a ring of protection from cold
 P - the ring of Crawling (left hand) {rElec rF- Str+8 Int+6 SInv Stlth-}
   (You found it on level 1 of the Swamp)

   [ring of intelligence]

   Str:       It affects your strength (+8).
   Int:       It affects your intelligence (+6).
   rF:        It makes you vulnerable to fire.
   rElec:     It insulates you from electricity.
   SInv:      It lets you see invisible.
   Stlth:     It makes you less stealthy.
Wands
 e - a wand of flame (35)
 l - a wand of roots (38)
 v - a wand of quicksilver (27)
 C - a wand of digging (13)
 I - a wand of paralysis (32)
 N - a wand of mindburst (7)
 O - a wand of polymorph (3)
Scrolls
 a - a scroll of magic mapping
 c - 3 scrolls of blinking
 k - 7 scrolls of enchant armour
 m - 10 scrolls of amnesia
 n - 6 scrolls of fear
 o - 7 scrolls of teleportation
 q - 4 scrolls of poison
 z - 6 scrolls of butterflies
 A - 7 scrolls of enchant weapon
 H - a scroll of silence
Potions
 f - 5 potions of brilliance
 g - 5 potions of ambrosia
 h - a potion of magic
 i - 20 potions of curing
 t - 10 potions of heal wounds
 u - 3 potions of resistance
 w - 10 potions of flight
 B - 3 potions of attraction
 D - 4 potions of mutation
 M - a potion of berserk rage
 T - 3 potions of cancellation
 X - a potion of invisibility
Miscellaneous
 K - a phantom mirror


   Skills:
 + Level 11.2 Fighting
 * Level 15.3 Axes
 - Level 9.0 Throwing
 + Level 9.2 Armour
 + Level 9.4 Dodging
 * Level 14.1 Spellcasting
 + Level 10.4 Conjurations
 + Level 10.0 Summonings
 + Level 11.4 Translocations
 + Level 8.5 Earth Magic
 - Level 10.2 Invocations
 + Level 10.8 Evocations


You had 5 spell levels left.
You knew the following spells:

 Your Spells              Type           Power      Damage    Failure   Level
a - Blink                 Tloc           100%       N/A       1%          2
b - Magic Dart            Conj           100%       1d8       1%          1
c - Malign Gateway        Summ/Tloc      43%        N/A       13%         7
d - Vhi's Electric Charg  Tloc/Air       100%       N/A       1%          3
e - Manifold Assault      Tloc           89%        N/A       1%          4
f - Stone Arrow           Conj/Erth      100%       3d13      1%          3
g - Iron Shot             Conj/Erth      41%        9d8       4%          6
h - Lee's Rapid Deconstr  Erth           39%        3d19*     1%          5
i - Gell's Gravitas       Tloc           89%        N/A       1%          3
j - Teleport Other        Tloc           89%        N/A       1%          3
k - Summon Cactus Giant   Summ           42%        N/A       3%          6

Your spell library contained the following spells:

 Spells                   Type           Power      Damage    Failure   Level
 Kiss of Death            Conj/Necr      100%       2d13      1%          1
 Sandblast                Erth           100%       2d20      1%          1
 Sting                    Tmut/Pois      100%       1d8       1%          1
 Summon Small Mammal      Summ           100%       N/A       1%          1
 Cigotuvi's Dreadful Rot  Necr/Pois/Air  58%        N/A       1%          2
 Ensorcelled Hibernation  Hex/Ice        58%        N/A       1%          2
 Passwall                 Tmut/Erth      49%        N/A       1%          2
 Poisonous Vapours        Pois/Air       58%        N/A       1%          2
 Searing Ray              Conj           100%       2d8       1%          2
 Sublimation of Blood     Necr           29%        N/A       1%          2
 Call Canine Familiar     Summ           84%        N/A       1%          3
 Dazzling Flash           Conj/Hex       100%       N/A       1%          3
 Kindle Blastsparks       Fire/Tloc/Air  100%       2d18      1%          3
 Lesser Beckoning         Tloc           100%       N/A       1%          3
 Portal Projectile        Hex/Tloc       100%       N/A       1%          3
 Summon Guardian Golem    Hex/Summ       63%        N/A       1%          3
 Animate Armour           Summ/Erth      100%       N/A       1%          4
 Fulminant Prism          Conj/Hex       32%        3d15      1%          4
 Iskenderun's Mystic Bla  Conj/Tloc      87%        2d17      1%          4
 Passage of Golubria      Tloc           89%        N/A       1%          4
 Summon Lightning Spire   Summ/Air       63%        N/A       1%          4
 Iskenderun's Battlesphe  Conj           85%        2d13      1%          5
 Summon Forest            Summ/Tloc      43%        N/A       1%          5
 Leda's Liquefaction      Hex/Erth       29%        N/A       2%          4
 Petrify                  Tmut/Erth      59%        N/A       2%          4
 Inner Flame              Hex/Fire       29%        N/A       3%          3
 Ozocubu's Armour         Ice            29%        N/A       3%          3
 Spider Form              Tmut/Pois      29%        N/A       3%          3
 Swiftness                Air            29%        N/A       3%          3
 Tukima's Dance           Hex            29%        N/A       3%          3
 Fireball                 Conj/Fire      32%        3d14      4%          5
 Irradiate                Conj/Tmut      32%        3d22      4%          5
 Borgnjor's Vile Clutch   Necr/Erth      29%        N/A       6%          5
 Anguish                  Hex/Necr       14%        N/A       13%         4
 Dispel Undead            Necr           29%        3d13      13%         4
 Olgreb's Toxic Radiance  Pois           29%        N/A       13%         4
 Agony                    Necr           29%        N/A       34%         5
 Alistair's Intoxication  Tmut/Pois      19%        N/A       34%         5
 Silence                  Hex/Air        14%        N/A       34%         5
 Dispersal                Tloc           44%        N/A       1%          6
 Orb of Destruction       Conj           42%        9d12      16%         7
 Spellforged Servitor     Conj/Summ      42%        N/A       16%         7
 Summon Hydra             Summ           42%        N/A       17%         7
 Conjure Ball Lightning   Conj/Air       32%        3x3d10    22%         6
 Starburst                Conj/Fire      32%        6d10      22%         6
 Statue Form              Tmut/Erth      39%        N/A       34%         6
 Summon Horrible Things   Summ           42%        N/A       80%         8
 Lehudib's Crystal Spear  Conj/Erth      41%        10d10     86%         8
 Death Channel            Necr           14%        N/A       89%         6
 Eringya's Noxious Bog    Tmut/Pois      14%        N/A       89%         6
 Ozocubu's Refrigeration  Ice            14%        4d10      100%        7
 Necromutation            Tmut/Necr      14%        N/A       100%        8


Dungeon Overview and Level Annotations

Branches:
Dungeon (14/15)            Temple (1/1) D:4            Lair (5/5) D:9
  Swamp (4/4) Lair:3       Spider (4/4) Lair:2        Slime (1/5) Lair:4
    Orc (2/2) D:11            Elf (0/3) Orc:2        Vaults (3/5) D:14
  Crypt (0/3) Vaults:2      IceCv (visited)

Altars:
Ashenzari
Cheibriados
Dithmenos
Elyvilon
Fedhas
Gozag
Hepliaklqana
Kikubaaqudgha
Makhleb
Nemelex Xobeh
Okawaru
Qazlal
Ru
Sif Muna
Trog
Uskayaw
Vehumet
Wu Jian
Xom
Yredelemnul
Zin
The Shining One
Jiyva

Shops:
D:1 ?[?(?   Orc:1 *   Orc:2 :(([   Vaults:1 [

Annotations:
D:7 2 transporters, PyroL's ghost, novice DsNe
Lair:5 exclusion: 3 oklob plants
Vaults:2 ragingrage's ghost, adept DrRe


Innate Abilities, Weirdness & Mutations

Your serpentine skin is tough. (AC +7)
You have supernaturally acute eyesight. (SInv)
Armour fits poorly on your strangely shaped body.
Your system is resistant to poisons. (rPois)
You cover ground very slowly.
You can spit poison.
You can use your snake-like lower body to constrict enemies.
You have a pair of small horns on your head.
You are partially covered in large bone plates. (SH +4)
You are dopey. (Int -2)
You are robust. (+10% HP)


Message History

Cheibriados thoroughly appreciates the change of pace.
The centaur warrior simulacrum vaporises!
A freezing mist starts to gather...
An ironbound convoker simulacrum comes into view.
The vault warden hits you with a +3 vorpal battleaxe!!
Strange energies crackle from the ironbound thunderhulk's apparatus.
The ironbound thunderhulk blinks!
The ironbound convoker hits you but does no damage.
The yaktaur closely misses you.
Activating: Slouch (1% risk of failure)
Press: ? - help, Dir - look around, f - activate You can feel time thicken for a moment.
You kill the ironbound convoker!
Cheibriados thoroughly appreciates the change of pace.
You kill the deep troll!
Cheibriados appreciates the change of pace.
You kill the vault sentinel!
Cheibriados appreciates the change of pace.
You kill the yaktaur!
Cheibriados thoroughly appreciates the change of pace.
You kill the yaktaur!
Cheibriados thoroughly appreciates the change of pace.
Strange energies crackle from the ironbound thunderhulk's apparatus.
The ironbound thunderhulk blinks!
The vault warden hits you with a +3 vorpal battleaxe!!
* * * LOW HITPOINT WARNING * * *
x2 You have reached level 21!
Your experience leads to an increase in your attributes!
Your base attributes are Str 20, Int 14, Dex 13.
Increase (S)trength, (I)ntelligence, or (D)exterity?
You feel stronger. x2; Your skin feels tougher.
Activating: Slouch (1% risk of failure)
Press: ? - help, Dir - look around, f - activate You can feel time thicken for a moment.
The ironbound convoker simulacrum vaporises!
Electricity crackles from the ironbound thunderhulk's apparatus.
The bolt of lightning misses you.
The vault warden hits you with a +3 vorpal battleaxe!!
* * * LOW HITPOINT WARNING * * *
You die...

..#.. .#.. ... '.. ..# #..
.O§# #.. ... #).####.####
#..○........ #.))))......
#######@#######
......§p)..########
#########.#########☼#......#
#.......#.#.......'.#......#
#.......#.#.#####.#.#......#
#.......#.# #.#.#......#
#.......#.# #)#.#......#
#.......#.# #.#.'......#
#.......#.# #.#.#......#


You could see a vault warden (strong) and an ironbound thunderhulk.

Vanquished Creatures
  Arachne (Spider:4)
  A tentacled monstrosity (Swamp:2)
  Rupert (D:13)
  The ghost of indyram44 the Warrior, an adept DsFi of Makhleb (Vaults:2)
  A titan (Vaults:2)
  Mlioglotl (Spider:4)
  2 acid blobs (Lair:4)
  Frances (Swamp:1)
  A sphinx (Vaults:3)
  A thorn hunter (Swamp:2)
  A fenstrider witch (Swamp:3)
  6 ghost moths
  11 emperor scorpions
  7 vault wardens
  2 orc warlords
  12 ironbound preservers
  6 ironbound thunderhulks
  7 very ugly things
  4 broodmothers
  A reaper (IceCv)
  Azrael (Spider:3)
  3 eleionomae (Swamp:2)
  8 dire elephants (Vaults:1)
  5 spark wasps
  8 bunyips
  Snorg (D:11)
  The ghost of innerfire433 the Reanimator, a journeyman DsMo of Yredelemnul (Spider:1)
  The ghost of hikkokomori the Geomancer, a journeyman DgEE (Orc:2)
  Josephine (D:14)
  4 fire dragons
  An ettin (Orc:1)
  3 great orbs of eyes
  A shambling mangrove (Swamp:2)
  7 yaktaur captains
  Fannar (Lair:2)
  4 entropy weavers
  20 hydras
  4 vault guards (Vaults:2)
  Harold (Lair:2)
  3 catoblepae
  2 jorogumos
  An ogre mage (Orc:2)
  7 ironbound frosthearts
  5 ghost crabs
  3 radroaches
  4 death yaks (Lair:4)
  13 centaur warriors
  A dancing weapon (Orc:2)
  10 boulder beetles
  6 two-headed ogres
  13 alligators
  The ghost of pokeman the Eclecticist, a journeyman DEHW of Vehumet (D:9)
  5 orc high priests
  2 spriggan berserkers (Swamp:3)
  Sonja (Lair:4)
  3 skeletal warriors (Vaults:2)
  3 fire crabs
  A sun moth (Spider:2)
  Lodul (D:12)
  4 spriggan druids
  A steelbarb worm (shapeshifter) (Vaults:2)
  A glowing orange brain (Vaults:1)
  A pharaoh ant (Spider:4)
  5 goliath frogs
  10 swamp dragons
  6 bog bodies
  26 deep trolls
  11 orb spiders
  8 steelbarb worms
  A tengu zombie (Vaults:3)
  10 ironbound convokers
  A wizard (Vaults:3)
  15 lindwurms
  7 harpies
  3 necromancers
  7 orc knights
  2 deep elf pyromancers
  A deep elf zephyrmancer (D:11)
  A glowing shapeshifter (Vaults:2)
  29 wolf spiders
  2 manticores
  9 ugly things
  A will-o-the-wisp (Swamp:4)
  A shadow dragon skeleton (Vaults:2)
  5 orc sorcerers
  2 cyclopes
  4 moths of wrath
  2 sphinx skeletons (Vaults:2)
  10 elephants
  A salamander (Swamp:4)
  A frost giant skeleton (Vaults:2)
  2 ice statues (IceCv)
  13 human skeletons
  10 vault sentinels
  9 torpor snails
  3 black mambas
  2 gargoyles
  Joseph (D:7)
  An unseen horror (D:12)
  9 cane toads
  3 rime drakes
  Maggie (D:6)
  5 demonic crawlers
  9 komodo dragons
  18 yaktaurs
  5 ice devils (IceCv)
  5 meliai
  A meliai (shapeshifter) (D:14)
  10 trolls
  Grinder (D:6)
  2 bloated husks
  A polar bear (Lair:2)
  38 tarantellas
  38 slime creatures
  13 tyrant leeches
  Prince Ribbit (D:6)
  10 hornets
  8 blink frogs
  20 jumping spiders
  Sigmund (D:2)
  2 ettin skeletons
  10 spriggans
  A shadow (D:12)
  A vampire (D:14)
  5 wraiths
  28 culicivoras
  16 humans (D:14)
  45 yaks
  10 basilisks
  2 dire elephant simulacra (IceCv)
  5 steam dragons
  3 wyverns
  A death yak simulacrum (IceCv)
  2 fire elementals (Spider:3)
  69 redbacks
  A harpy simulacrum (IceCv)
  12 vampire mosquitoes
  4 wargs
  13 swamp worms
  5 acid dragons
  3 hell hounds (Spider:3)
  17 water moccasins
  A floating eye (Lair:5)
  A glowing shapeshifter skeleton (Vaults:2)
  13 swamp drakes
  2 ice beasts (D:6)
  3 sky beasts
  3 black bears
  26 orc warriors
  21 ogres
  15 wolves
  5 boggarts (Vaults:2)
  5 centaurs
  A phantom (D:6)
  Blork the orc (D:6)
  A human zombie (Vaults:3)
  4 kobold brigands
  17 bullfrogs
  3 two-headed ogre simulacra (IceCv)
  A necrophage (D:5)
  4 gnoll sergeants
  5 scorpions
  13 wights
  5 killer bees (Lair:2)
  5 elephant simulacra (IceCv)
  4 howler monkeys
  An electric eel (D:11)
  7 hounds
  2 human simulacra
  5 jellies
  16 orc priests
  2 gnoll boudas
  9 iguanas
  Crazy Yiuf (D:4)
  29 orc wizards
  2 spriggan simulacra (IceCv)
  3 troll simulacra (IceCv)
  26 gnolls
  8 adders
  A naga simulacrum (IceCv)
  5 white imps
  3 ufetubi
  6 worms
  4 dart slugs
  80 orcs
  6 bats
  9 endoplasms
  A giant cockroach (D:4)
  3 goblins
  7 hobgoblins
  4 jackals (D:4)
  2 quokkas
  9 ball pythons
  6 frilled lizards
  26 kobolds
  2 rats
1355 creatures vanquished.

Vanquished Creatures (collateral kills)
  2 entropy weavers
  A deep troll (Vaults:3)
  An ironbound convoker (Vaults:3)
  An ugly thing (Vaults:3)
5 creatures vanquished.

Vanquished Creatures (others)
  An eldritch tentacle (Swamp:4)
  A lindwurm (Swamp:4)
  A wizard (Vaults:3)
  A yaktaur (Vaults:2)
  An orc warrior (Orc:2)
  3 swamp drakes (Swamp:4)
  A lava snake (Swamp:4)
  An orc priest (Orc:2)
  An orc wizard (Orc:2)
  An orc (Orc:2)
  4 foxfires (Swamp:4)
  34 fungi
  59 plants
109 creatures vanquished.

Grand Total: 1469 creatures vanquished

Notes
Turn   | Place    | Note
-------+----------+-------------------------------------------
     0 | D:1      | qeuew the Naga Warper began the quest for the Orb.
     0 | D:1      | Reached XP level 1. HP: 19/19 MP: 3/3
    69 | D:1      | Found Tavis's Weapon Shoppe.
    80 | D:1      | Found Wonkak's Magic Scroll Shoppe.
   225 | D:1      | Reached skill level 1 in Throwing
   240 | D:1      | Found Toanteom's Armour Emporium.
   248 | D:1      | Reached XP level 2. HP: 26/26 MP: 5/5
   278 | D:1      | Found a faded altar of an unknown god.
   281 | D:1      | Found Osmaoxef's Magic Scroll Emporium.
   679 | D:1      | Found Erirawuo's Magic Scroll Boutique.
   751 | D:1      | Learned a level 2 spell: Blink
   792 | D:2      | Reached skill level 1 in Armour
   828 | D:2      | Reached XP level 3. HP: 31/32 MP: 6/6
  1348 | D:2      | Noticed Sigmund
  1358 | D:2      | Killed Sigmund
  1359 | D:2      | Reached skill level 3 in Axes
  1359 | D:2      | Reached XP level 4. HP: 10/40 MP: 6/8
  1359 | D:2      | Reached XP level 5. HP: 11/46 MP: 6/9
  1575 | D:2      | Gained mutation: You are vulnerable to heat. (rF-) [potion
                  | of mutation]
  1575 | D:2      | Gained mutation: You are partially covered in large bone
                  | plates. (SH +4) [potion of mutation]
  1575 | D:2      | Gained mutation: You have a pair of small horns on your
                  | head. [potion of mutation]
  1575 | D:2      | Gained mutation: You expend magic power (3 MP) to
                  | strengthen your wands. [potion of mutation]
  1859 | D:3      | Reached XP level 6. HP: 55/55 MP: 10/10
  1868 | D:3      | Identified the +2 robe "Hoeduezi" {Dex+3 Slay+2}
  2425 | D:4      | Found a hazy altar of Hepliaklqana.
  2502 | D:4      | Found a staircase to the Ecumenical Temple.
  2515 | Temple   | Entered the Ecumenical Temple
  2588 | Temple   | Became a worshipper of Cheibriados the Contemplative
  2703 | D:4      | Found a runed translucent door.
  2704 | D:4      | Noticed Crazy Yiuf
  2929 | D:5      | Entered Level 5 of the Dungeon
  3109 | D:5      | Reached skill level 1 in Invocations
  3278 | D:4      | Reached * piety under Cheibriados
  3279 | D:4      | Reached XP level 7. HP: 62/62 MP: 12/12
  3493 | D:4      | Killed Crazy Yiuf
  3534 | D:4      | Identified a scroll of acquirement
  3539 | D:4      | Acquired 986 gold pieces
  3678 | D:1      | Bought a scroll of acquirement for 676 gold pieces
  3678 | D:1      | Acquired 553 gold pieces
  3713 | D:1      | Bought the +10 Black Knight's barding {ponderous, rPois
                  | rN+} for 760 gold pieces
  3713 | D:1      | Found the +10 Black Knight's barding {ponderous, rPois rN+}
  3813 | D:5      | Found an iron altar of Okawaru.
  3927 | D:5      | Reached skill level 1 in Evocations
  4050 | D:5      | Found a blossoming altar of Fedhas.
  4069 | D:5      | Reached skill level 4 in Axes
  4371 | D:5      | Reached XP level 8. HP: 57/69 MP: 13/13
  4380 | D:5      | Acquired 1219 gold pieces
  4525 | D:1      | Bought the +4 war axe of the Priest {protect, rC+ Int+3
                  | Stlth+} for 473 gold pieces
  4754 | D:5      | Found an ancient bone altar of Kikubaaqudgha.
  4893 | D:6      | Reached ** piety under Cheibriados
  5116 | D:6      | Noticed Grinder
  5129 | D:6      | Paralysed by Grinder for 3 turns
  5133 | D:6      | Killed Grinder
  5134 | D:6      | Reached skill level 5 in Axes
  5134 | D:6      | Reached XP level 9. HP: 76/78 MP: 14/16
  5164 | D:6      | Noticed Maggie
  5173 | D:6      | Killed Maggie
  5241 | D:6      | Noticed Blork the orc
  5241 | D:6      | Noticed Prince Ribbit
  5246 | D:6      | Killed Prince Ribbit
  5247 | D:6      | Reached skill level 5 in Spellcasting
  5259 | D:6      | Killed Blork the orc
  5263 | D:6      | Reached *** piety under Cheibriados
  5555 | D:6      | Found a glowing silver altar of Zin.
  5589 | D:6      | Learned a level 1 spell: Magic Dart
  5597 | D:6      | Learned a level 7 spell: Malign Gateway
  5601 | D:6      | Learned a level 3 spell: Vhi's Electric Charge
  5626 | D:6      | Found a burning altar of Makhleb.
  6158 | D:7      | Reached skill level 5 in Invocations
  6159 | D:7      | Found a transporter.
  6186 | D:7      | Noticed PyroL's ghost (novice DsNe)
  6233 | D:7      | Noticed a manticore
  6257 | D:7      | Reached skill level 6 in Axes
  6265 | D:7      | Reached skill level 1 in Conjurations
  6265 | D:7      | Reached skill level 1 in Summonings
  6265 | D:7      | Reached skill level 5 in Translocations
  6265 | D:7      | Reached XP level 10. HP: 85/87 MP: 11/18
  6305 | D:7      | Reached **** piety under Cheibriados
  6649 | D:7      | Found a transporter.
  6693 | D:7      | Noticed Joseph
  6703 | D:7      | Killed Joseph
  6978 | D:8      | Reached ***** piety under Cheibriados
  7544 | D:8      | Found a basalt altar of Yredelemnul.
  7727 | D:9      | Reached skill level 5 in Fighting
  7862 | D:9      | Identified the +7 spear of Tomorrow {drain, Will+}
  7956 | D:9      | Reached XP level 11. HP: 27/94 MP: 15/20
  8156 | D:9      | Reached skill level 7 in Axes
  8271 | D:9      | Found a staircase to the Lair.
  8680 | D:9      | Found a runed translucent gate.
  8680 | D:9      | Found a runed translucent gate.
  8680 | D:9      | Found a runed translucent gate.
  8681 | D:9      | Found a viscous altar of Jiyva.
  8681 | D:9      | Noticed pokeman's ghost (journeyman DEHW)
  8703 | D:9      | Killed pokeman's ghost
  9059 | D:9      | Acquired the Anthology of Hurting and Transformation
  9066 | D:9      | Learned a level 4 spell: Manifold Assault
  9079 | Lair:1   | Entered Level 1 of the Lair of Beasts
  9587 | Lair:1   | Reached XP level 12. HP: 90/104 MP: 22/22
  9994 | Lair:2   | Reached skill level 5 in Throwing
  9995 | Lair:2   | Noticed a catoblepas
 10000 | Lair:2   | Reached skill level 8 in Axes
 10008 | Lair:2   | Killed a catoblepas
 10009 | Lair:2   | Reached skill level 5 in Evocations
 10119 | Lair:2   | Noticed Harold
 10128 | Lair:2   | Killed Harold
 10152 | Lair:2   | Noticed a seven-headed hydra
 10157 | Lair:2   | Noticed a six-headed hydra
 10164 | Lair:2   | Killed an eight-headed hydra
 10165 | Lair:2   | Killed a seven-headed hydra
 10173 | Lair:2   | Identified the +1 robe of Oryiho {*Corrode Str+3 Stlth+}
 10459 | Lair:2   | Noticed a catoblepas
 10474 | Lair:2   | Killed a catoblepas
 10475 | Lair:2   | Reached skill level 5 in Dodging
 10551 | Lair:2   | Noticed Fannar
 10568 | Lair:2   | Killed Fannar
 10972 | Lair:2   | Found a hole to the Spider Nest.
 11570 | Lair:3   | Reached skill level 5 in Armour
 11622 | Lair:3   | Gained mutation: You can use your snake-like lower body to
                  | constrict enemies. [Naga growth]
 11622 | Lair:3   | Reached XP level 13. HP: 112/112 MP: 22/25
 11937 | Lair:3   | Found a staircase to the Swamp.
 12051 | Lair:3   | Reached skill level 9 in Axes
 13209 | Lair:4   | Found a viscous altar of Jiyva.
 13266 | Lair:4   | Found a staircase to the Slime Pits.
 13602 | Lair:4   | Reached skill level 5 in Summonings
 13856 | Lair:4   | Learned a level 3 spell: Stone Arrow
 13949 | Lair:4   | Reached skill level 5 in Conjurations
 14318 | Lair:4   | Noticed Sonja
 14329 | Lair:4   | Killed Sonja
 14613 | Lair:5   | Entered Level 5 of the Lair of Beasts
 14649 | Lair:5   | Identified the +8 ring mail "Minkuran" {rC- Will+ Dex+3}
 14683 | Lair:5   | Reached skill level 1 in Earth Magic
 14693 | Lair:5   | Reached XP level 14. HP: 104/123 MP: 1/26
 14945 | Lair:5   | Reached skill level 10 in Invocations
 16325 | Spider:1 | Entered Level 1 of the Spider Nest
 16329 | Spider:1 | Reached skill level 10 in Axes
 16710 | Spider:1 | Found a large runed translucent door.
 16710 | Spider:1 | Found a large runed translucent door.
 16711 | Spider:1 | Noticed innerfire433's ghost (journeyman DsMo)
 16899 | Spider:1 | Reached ****** piety under Cheibriados
 17241 | Spider:1 | Noticed a ghost moth
 17253 | Spider:1 | Killed a ghost moth
 18165 | Spider:1 | Killed innerfire433's ghost
 18221 | Spider:2 | Noticed a ghost moth
 18229 | Spider:2 | Killed a ghost moth
 18234 | Spider:2 | Identified the +7 morningstar of the Bedazzling Rat {spect,
                  | *Corrode rC+ Will+}
 18635 | Spider:2 | Reached XP level 15. HP: 81/132 MP: 13/28
 19047 | Spider:2 | Noticed an emperor scorpion
 19062 | Spider:2 | Killed an emperor scorpion
 19288 | Spider:2 | Reached skill level 10 in Spellcasting
 19685 | Spider:2 | Reached skill level 11 in Axes
 20104 | Spider:2 | Noticed an emperor scorpion
 20116 | Spider:2 | Killed an emperor scorpion
 20144 | Spider:2 | Identified the ring "Baorchee" {Str+6 Int+5}
 20442 | Spider:2 | Learned a level 6 spell: Iron Shot
 20799 | Spider:3 | Gained mutation: You occasionally lose the ability to drink
                  | potions when taking damage. [mutagenic glow]
 21470 | Spider:3 | Noticed an emperor scorpion
 21482 | Spider:3 | Killed an emperor scorpion
 22094 | Spider:3 | Reached XP level 16. HP: 141/141 MP: 7/30
 22247 | Spider:3 | Noticed Azrael
 22319 | Spider:3 | Killed Azrael
 22354 | Spider:3 | Lost mutation: You expend magic power (3 MP) to strengthen
                  | your wands. [potion of mutation]
 22354 | Spider:3 | Lost mutation: You occasionally lose the ability to drink
                  | potions when taking damage. [potion of mutation]
 22354 | Spider:3 | Lost mutation: You are vulnerable to heat. (rF-) [potion of
                  | mutation]
 22354 | Spider:3 | Gained mutation: You are robust. (+10% HP) [potion of
                  | mutation]
 22354 | Spider:3 | Gained mutation: You are dopey. (Int -2) [potion of
                  | mutation]
 22940 | Spider:4 | Entered Level 4 of the Spider Nest
 23547 | Spider:4 | Noticed Arachne
 23558 | Spider:4 | Killed Arachne
 23559 | Spider:4 | Reached skill level 12 in Axes
 23668 | Spider:4 | Noticed Mlioglotl
 23767 | Spider:4 | Reached skill level 5 in Earth Magic
 24354 | Spider:4 | Reached XP level 17. HP: 165/165 MP: 12/32
 24483 | Spider:4 | Killed Mlioglotl
 24510 | Spider:4 | Got a gossamer rune of Zot
 24979 | Swamp:1  | Entered Level 1 of the Swamp
 25302 | Swamp:1  | Noticed Frances
 25311 | Swamp:1  | Killed Frances
 25919 | Swamp:1  | Identified the ring of Crawling {rElec rF- Str+8 Int+6 SInv
                  | Stlth-}
 26858 | Swamp:2  | Noticed a tentacled monstrosity
 26867 | Swamp:2  | Killed a tentacled monstrosity
 27025 | Swamp:2  | Identified the +1 dagger of Folesay {vorpal, rPois rF+
                  | Dex+3}
 27929 | Swamp:3  | Reached skill level 13 in Axes
 28458 | Swamp:4  | Entered Level 4 of the Swamp
 28773 | Swamp:4  | Reached XP level 18. HP: 133/174 MP: 8/34
 29027 | Swamp:4  | Got a decaying rune of Zot
 29629 | Swamp:4  | Reached skill level 10 in Translocations
 29834 | Slime:1  | Entered Level 1 of the Pits of Slime
 29943 | D:10     | Entered Level 10 of the Dungeon
 30333 | D:10     | Learned a level 5 spell: Lee's Rapid Deconstruction
 30436 | D:10     | Found a shadowy altar of Dithmenos.
 30499 | D:10     | Found a shimmering blue altar of Sif Muna.
 30908 | D:11     | Found a frozen archway.
 30918 | IceCv    | Entered an ice cave
 31586 | D:11     | Found a staircase to the Orcish Mines.
 31657 | Orc:1    | Entered Level 1 of the Orcish Mines
 31834 | Orc:2    | Entered Level 2 of the Orcish Mines
 32064 | Orc:1    | Found Iguatzah's Overcharged Wands.
 32075 | Orc:1    | Bought a wand of quicksilver (18) for 1134 gold pieces
 32227 | Orc:2    | Found a staircase to the Elven Halls.
 32580 | Orc:2    | Found a runed translucent door.
 32581 | Orc:2    | Found a shimmering altar of Xom.
 32581 | Orc:2    | Noticed hikkokomori's ghost (journeyman DgEE)
 32914 | Orc:2    | Found Zaat's Book Boutique.
 32914 | Orc:2    | Found Perifud's Antique Armour Emporium.
 32916 | Orc:2    | Found Gierphel's Antique Weapon Emporium.
 32916 | Orc:2    | Found Dyps's Weapon Boutique.
 32928 | Orc:2    | Bought the Quarto of the Elliptic Coals for 408 gold pieces
 32932 | Orc:2    | Learned a level 3 spell: Gell's Gravitas
 33140 | Orc:2    | Reached skill level 10 in Fighting
 33262 | Orc:2    | Killed hikkokomori's ghost
 33434 | D:11     | You fall into a shaft and drop 1 floor!
 33625 | D:12     | Noticed Lodul
 33632 | D:12     | Killed Lodul
 33965 | D:11     | Noticed Snorg
 33971 | D:11     | Killed Snorg
 34380 | D:11     | Learned a level 3 spell: Teleport Other
 35039 | D:13     | Noticed Rupert
 35047 | D:13     | Killed Rupert
 35048 | D:13     | Reached XP level 19. HP: 153/184 MP: 32/35
 36467 | D:14     | Found a gate to the Vaults.
 36479 | D:14     | Reached skill level 14 in Axes
 36827 | D:14     | Noticed Josephine
 36834 | D:14     | Killed Josephine
 37241 | D:14     | Acquired the +3 Mad Mage's Maulers {Infuse+∞ RegenMP Int-3}
 37241 | D:14     | Found the +3 Mad Mage's Maulers {Infuse+∞ RegenMP Int-3}
 37296 | Vaults:1 | Entered Level 1 of the Vaults
 38210 | Vaults:1 | Reached skill level 10 in Evocations
 38272 | Vaults:1 | Found Feydgh's Antique Armour Boutique.
 38280 | Vaults:1 | Bought a steaming ring mail for 297 gold pieces
 38280 | Vaults:1 | Identified the +0 ring mail of the Ego {Str+4} (You bought
                  | it in a shop on level 1 of the Vaults)
 39388 | Vaults:1 | Reached XP level 20. HP: 191/195 MP: 37/37
 39796 | Vaults:2 | Found a portal to a secret trove of treasure.
 39804 | Vaults:2 | You paid a toll of 5 scrolls of blinking to enter a
                  | treasure trove
 39805 | Trove    | Entered a treasure trove
 39833 | Trove    | Got the Papyrus of Evil Creation
 39835 | Trove    | Identified the amulet of Yredelemnul's Anger {Faith Int+4}
 39871 | Trove    | Identified the +0 barding "Deih Piwu" {Will+}
 39883 | Trove    | Got the Meditations on the Allied Tesseract
 39886 | Trove    | Got the Lectures on Spellbinding Misery
 39982 | Vaults:2 | Learned a level 6 spell: Summon Cactus Giant
 40132 | Vaults:2 | Found a large runed translucent door.
 40132 | Vaults:2 | Noticed ragingrage's ghost (adept DrRe)
 40133 | Vaults:2 | Found a large runed translucent door.
 40133 | Vaults:2 | Noticed indyram44's ghost (adept DsFi)
 40372 | Vaults:2 | Found a staircase to the Crypt.
 40717 | Vaults:2 | Reached skill level 10 in Conjurations
 41106 | Vaults:2 | Reached skill level 15 in Axes
 41760 | Vaults:2 | Identified the +7 sling of Perfectionism {flame, rPois
                  | Str-4 Stlth+}
 42176 | Vaults:2 | Killed indyram44's ghost
 42699 | Vaults:3 | Reached skill level 10 in Summonings
 43225 | Vaults:3 | Reached XP level 21. HP: 35/205 MP: 9/39
 43225 | Vaults:3 | HP: 5/205 [vault warden/+3 vorpal battleaxe (31)]
 43225 | Vaults:3 | Slain by a vault warden

Illustrated notes

Levels and vault maps discovered:
D:1:      dpeg_arrival_three_same_balls, layout_basic, serial_shops, shop, shop,
          nicolae_shop_statue_plus, nicolae_shop_crystal,
          nicolae_shop_behind_doors, basic_ecumenical_altar,
          minmay_misc_feat_ornament, chequers_serial_rivers_micro_c
D:2:      layout_loops_cross, uniq_sigmund
D:3:      layout_basic
D:4:      layout_basic, kennysheep_mini_moat, minmay_temple_entry_mist,
          minmay_lizard_king, uniq_crazy_yiuf_cottage
D:5:      layout_basic, kennysheep_mini, lemuel_round_altar,
          kennysheep_okawaru_gauntlet, minmay_misc_feat_encased
D:6:      kennysheep_spiral_hall, layout_rooms, kennysheep_little_box,
          lemuel_round_altar, minmay_misc_feat_chi, uniq_grinder, uniq_maggie,
          uniq_blork_the_orc, uniq_prince_ribbit1
D:7:      layout_basic, nzn_ghost_randoct, dreamdust_gnoll_farm, uniq_joseph
D:8:      layout_loops_ring, nicolae_overflow_crystal_walls,
          supply_closet_lemuel
D:9:      layout_irregular_city, minmay_lair_entry_grove, gammafunk_ghost_ooze
D:10:     layout_rooms, led_sif_book, old_standard_altar, st_stairs_5
D:11:     layout_big_octagon, david_orc_4, portal_ice_cave_entry_pillars_1,
          gauntlet_entry_generic, minmay_librarian, uniq_snorg
D:12:     layout_cave_pools, minmay_diced_spiral, uniq_lodul
D:13:     layout_loops_cross, uniq_rupert
D:14:     layout_rooms, david_vaults_3, grunt_decor_arrowhead, serial_curves,
          eino_curves_04, eino_curves_03, uniq_josephine
Temple:   nicolae_temple_bog_church
Lair:1:   layout_cave_shapes, grunt_megastairs_5
Lair:2:   layout_misc_corridors, hellmonk_spider_entry_not_the_bees,
          uniq_fannar, uniq_harold
Lair:3:   layout_regular_city, swamp_mist, grunt_megastairs_1
Lair:4:   layout_loops_ring, minmay_slime_entry_pillars, nzn_random_ring,
          uniq_sonja
Lair:5:   wormcave, layout_misc_corridors, guppyfry_lair_end_dragon,
          disabler_island, serial_bayou_shore_b
Swamp:1:  layout_falls_marsh, serial_swamp_ruin, evilmike_swamp_ruin_house_2,
          evilmike_swamp_ruin_house_3, evilmike_swamp_ruin_rubble_1,
          nicolae_swamp_some_circles, uniq_frances
Swamp:2:  layout_falls_marsh, evilmike_swamp_ruin_house_1,
          nicolae_swamp_soggy_hallways, infiniplex_staircase_pool
Swamp:3:  layout_basic_swamp, evilmike_swamp_ruin_rubble_2, swamp_pool3
Swamp:4:  swamp_fiery, layout_basic_swamp, swamp_pool1,
          nicolae_swamp_bloodsuckers_inc
Spider:1: layout_cave_pods, ebering_ghost_disaster_area
Spider:2: nicolae_spider_hilbert_zone_7 [nicolae_spider_hilbert_4_sides_1_open,
          nicolae_spider_hilbert_4_sides_1_open,
          nicolae_spider_hilbert_4_sides_1_open,
          nicolae_spider_hilbert_4_sides_1_open,
          nicolae_spider_hilbert_3_sides_1_open,
          nicolae_spider_hilbert_3_sides_1_open,
          nicolae_spider_hilbert_3_sides_1_open,
          nicolae_spider_hilbert_3_sides_1_open,
          nicolae_spider_hilbert_4_sides_1_open,
          nicolae_spider_hilbert_4_sides_1_open,
          nicolae_spider_hilbert_4_sides_1_open,
          nicolae_spider_hilbert_2_sides_1_open,
          nicolae_spider_hilbert_2_sides_1_open,
          nicolae_spider_hilbert_2_sides_1_open,
          nicolae_spider_hilbert_2_sides_1_open,
          nicolae_spider_hilbert_2_sides_1_open,
          nicolae_spider_hilbert_2_sides_1_open]
Spider:3: layout_spider_delve, drop_trap, hangedman_stitches_earthworm,
          uniq_azrael
Spider:4: grunt_spider_rune_circles, uniq_mlioglotl, uniq_arachne
Slime:1:  layout_caves, special_room [special_room_jelly]
Orc:1:    layout_diamond_mine, nicolae_shop_overcharged_wands
Orc:2:    grunt_orc_tribal_feast, layout_caves, basic_altar, ebering_ghost_xom,
          mines4_lemuel
Vaults:1: v_misc_3, ontoclasm_vaults_ring_large, nicolae_vaults_border_crossing,
          ontoclasm_vaults_tryst, vaults_dpeg_diagonal, ontoclasm_vaults_hangar,
          vaults_mumra_minichess, vaults_room_large_hall,
          nicolae_vaults_inception_corners, vaults_mumra_hex,
          layout_vaults_omnibox, serial_shops, shop_statue
Vaults:2: advil_vaults_ghost_guards, hangedman_vaults_restitches, st_cross,
          minmay_crypt_entry_skeletal_spiral, hangedman_vaults_impose,
          hangedman_vaults_trim, v_rooms_4, nicolae_vaults_three_branches,
          ontoclasm_vaults_ring_small, vaults_standard_mumra_enter_the_diamond,
          v_alt_pattern_6, nicolae_vaults_angled_halls,
          nicolae_vaults_little_squares_2, layout_vaults_big_room,
          nicolae_trove_entry_columns
Vaults:3: ontoclasm_vaults_spin, nicolae_vaults_triangles, v_misc_4,
          v_alt_pattern_5, v_alt_pattern_4, hangedman_vaults_slice,
          vaults_room_stairs_pillars, nicolae_vaults_inception_statues,
          nicolae_vaults_theta, v_pattern_2, grunt_vaults_diagonal,
          layout_vaults_maze_bifur

Skill      XL: |  1  2  3  4  5  6  7  8  9 10 11 12 13 14 15 16 17 18 19 20 |
---------------+-------------------------------------------------------------+-----
Throwing       | 1 2 3 4 5 6 7 8 9 |  9.0
Armour         | 1 2 3 4 5 6 7 8 9 |  9.2
Axes           | 3 4 5 6 7 8 9 10 11 12 13 14 15 | 15.3
Dodging        | 2 3 4 5 6 7 8 9 |  9.4
Spellcasting   | 3 4 5 6 7 8 9 10 11 12 13 14 | 14.1
Fighting       | 3 4 5 6 7 8 9 10 11 | 11.2
Invocations    | 1 2 3 5 6 7 8 9 10 | 10.2
Evocations     | 1 2 3 4 5 6 7 8 9 10 | 10.8
Translocations | 4 5 6 7 8 9 10 11 | 11.4
Conjurations   | 1 2 3 4 5 6 7 8 9 10 | 10.4
Summonings     | 1 2 3 4 5 6 7 8 9 10 | 10.0
Earth Magic    | 1 3 4 5 6 7 8 |  8.5

Action                   |  1- 3 |  4- 6 |  7- 9 | 10-12 | 13-15 | 16-18 | 19-21 || total
-------------------------+-------+-------+-------+-------+-------+-------+-------++-------
Melee: Hand axe          |    75 |    85 |    61 |       |       |       |       ||   221
       Punch             |     1 |       |     1 |     2 |     4 |    24 |    22 ||    54
       Headbutt          |       |    16 |    42 |    63 |   152 |   292 |   239 ||   804
       War axe           |       |       |   117 |   313 |   463 |   836 |   820 ||  2549
       Constrict         |       |       |       |       |    97 |   167 |   128 ||   392
Throw: Boomerang         |     2 |       |       |       |       |       |       ||     2
 Cast: Magic Dart        |       |       |    47 |   398 |   137 |    11 |       ||   593
       Manifold Assault  |       |       |       |    15 |    26 |    34 |    67 ||   142
       Blink             |       |       |       |     4 |    16 |    10 |     1 ||    31
       Vhi's Electric Ch |       |       |       |     1 |     4 |    15 |    11 ||    31
       Stone Arrow       |       |       |       |       |   339 |   428 |   171 ||   938
       Lee's Rapid Decon |       |       |       |       |       |     7 |       ||     7
       Malign Gateway    |       |       |       |       |       |     1 |       ||     1
       Iron Shot         |       |       |       |       |       |       |    19 ||    19
       Summon Cactus Gia |       |       |       |       |       |       |     6 ||     6
Invok: Slouch            |       |       |       |     9 |     6 |    22 |    10 ||    47
 Abil: Spit Poison       |    20 |    29 |    21 |     2 |    14 |    10 |     1 ||    97
Evoke: Wand              |       |       |       |       |     1 |    15 |     7 ||    23
       Phantom mirror    |       |       |       |       |     1 |       |       ||     1
  Use: Scroll            |     2 |     5 |    13 |     3 |     4 |     9 |     4 ||    40
       Potion            |     1 |     2 |     2 |       |     5 |     6 |       ||    16
 Stab: Sleeping          |       |       |     1 |     3 |     3 |     1 |     2 ||    10
       Petrified         |       |       |       |       |     1 |       |       ||     1
       Distracted        |       |       |       |       |     1 |     2 |       ||     3
       Confused          |       |       |       |       |       |     2 |       ||     2
Armor: Leather armour    |    15 |     5 |       |       |       |       |       ||    20
       Robe              |       |    18 |   175 |   428 |   250 |       |       ||   871
       Ring mail         |       |       |       |       |   537 |  1086 |   561 ||  2184
Dodge: Dodged            |    45 |    25 |   140 |   281 |   556 |  1041 |   608 ||  2696
Block: Other             |       |    12 |    49 |   103 |   180 |   271 |   132 ||   747

Table legend: (Time is in decaauts)
 A = Elapsed time spent in this place.
 B = Non-inter-level travel time spent in this place.
 C = Inter-level travel time spent in this place.
 D = Time resting spent in this place.
 E = Time spent auto-exploring this place.
 F = Levels seen in this place.
 G = Mean time per level.
                   A        B        C        D        E       F      G
               +--------+--------+--------+--------+--------+-----+--------+
         Total |  74893 |  69815 |   5078 |    521 |  59165 |  36 | 2080.4 |
       Dungeon |  25654 |  22857 |   2797 |    334 |  19182 |  14 | 1832.4 |
        Temple |    130 |    106 |     24 |      0 |     10 |   1 |  130.0 |
          Lair |  12625 |  11720 |    905 |      0 |  10258 |   5 | 2525.0 |
         Swamp |   9074 |   8636 |    438 |     60 |   7405 |   4 | 2268.5 |
   Spider Nest |  13927 |  13430 |    497 |      5 |  11588 |   4 | 3481.8 |
    Slime Pits |     13 |     13 |      0 |      0 |      0 |   1 |   13.0 |
  Orcish Mines |   3186 |   2966 |    220 |      0 |   2517 |   2 | 1593.0 |
        Vaults |   9015 |   8823 |    192 |      0 |   7527 |   3 | 3005.0 |
         Trove |    465 |    465 |      0 |      0 |    421 |   1 |  465.0 |
      Ice Cave |    802 |    802 |      0 |    122 |    254 |   1 |  802.0 |
               +--------+--------+--------+--------+--------+-----+--------+

Top non-repeatable levels by time:
Vaults:2: 4403 daAuts
Spider:2: 3872 daAuts
Spider:3: 3607 daAuts
  Lair:4: 3534 daAuts
Spider:1: 3409 daAuts
Vaults:1: 3190 daAuts
Spider:4: 3037 daAuts
     D:9: 2689 daAuts
  Lair:3: 2668 daAuts
  Lair:5: 2628 daAuts
  Lair:2: 2547 daAuts
 Swamp:3: 2366 daAuts
 Swamp:2: 2361 daAuts
 Swamp:4: 2319 daAuts
    D:11: 2256 daAuts
